 Dungeon Crawl Stone Soup version 0.28.0-47-ge53b351184 (webtiles) character file.

Game seed: 10453905648634633289

7009 acdeimund the Cleaver (level 11, -12/145 HPs)
             Began as a Hill Orc Fighter on May 4, 2022.
             Was a Follower of Beogh.
             Mangled by a freezing wraith (23 damage)
             ... on level 7 of the Dungeon.
             The game lasted 00:38:59 (12813 turns).

acdeimund the Cleaver (Hill Orc Fighter)           Turns: 12813, Time: 00:39:02

Health: -12/145    AC: 25    Str: 22    XL:     11   Next: 8%
Magic:  14/14      EV:  2    Int:  8    God:    Beogh [*.....]
Gold:   158        SH:  7    Dex: 18    Spells: 10/10 levels left

rFire   . . .      SeeInvis .   a - +1 war axe
rCold   . . .      Faith    .   c - +0 buckler
rNeg    . . .      Spirit   .   (armour currently unavailable)
rPois   +          Reflect  .   (helmet currently unavailable)
rElec   .          Harm     .   (cloak currently unavailable)
rCorr   .          Rampage  .   (gloves currently unavailable)
Will    .....      NoTele   +   (boots currently unavailable)
Stlth   ++........              (no amulet)
HPRegen 0.34/turn               e - +4 ring of slaying
MPRegen 0.14/turn               m - +6 ring of dexterity

@: tree-form, slowed, very slow
A: stationary, stasis, torment immunity, boosted hp
a: Renounce Religion


You were on level 7 of the Dungeon.
You worshipped Beogh.
Beogh was aware of your devotion.
You were a tree.
You visited 1 branch of the dungeon, and saw 9 of its levels.
You also visited: Sewer and Ossuary.

You collected 508 gold pieces.
You spent 350 gold pieces at shops.

Inventory:

Hand Weapons
 a - a +1 war axe (weapon)
 z - a +0 whip of flaming
Missiles
 i - 184 stones
 j - 2 throwing nets
 A - 10 poisoned darts
Armour
 c - a +0 buckler (worn)
 f - a scarf of shadows (melded)
 r - a +0 chain mail of poison resistance
 F - a +2 ring mail of willpower
 G - a +2 plate armour of fire resistance (melded)
Jewellery
 e - a +4 ring of slaying (left branch)
 m - a +6 ring of dexterity (right branch)
Wands
 q - a wand of paralysis (9)
 y - a wand of polymorph (8)
Scrolls
 b - a scroll of enchant armour
 d - a scroll of fog
 k - 3 scrolls of teleportation
 t - 2 scrolls of identify
 v - 2 scrolls of noise
 w - 2 scrolls of amnesia
 E - 3 scrolls of enchant weapon
Potions
 h - 2 potions of mutation
 l - 3 potions of haste
 o - 2 potions of attraction
 p - 5 potions of brilliance
 s - 8 potions of curing
 u - 3 potions of flight {unknown}
 x - 4 potions of degeneration {unknown}


   Skills:
 + Level 9.5 Fighting
 * Level 13.6 Axes
 + Level 8.7 Armour
 + Level 8.6 Shields
 + Level 4.6 Invocations


You had 10 spell levels left.
You didn't know any spells.
Your spell library contained the following spells:

 Spells                   Type           Power      Damage    Failure   Level
 Apportation              Tloc           0%         N/A       47%         1
 Foxfire                  Conj/Fire      0%         2x1d4     47%         1
 Corpse Rot               Necr/Air       0%         N/A       63%         2
 Ensorcelled Hibernation  Hex/Ice        0%         N/A       63%         2
 Conjure Flame            Conj/Fire      0%         6-21      85%         3
 Inner Flame              Hex/Fire       0%         N/A       85%         3
 Spider Form              Tmut/Pois      0%         N/A       85%         3
 Anguish                  Hex/Necr       0%         N/A       99%         4
 Dispel Undead            Necr           0%         3d6       99%         4
 Flame Wave               Conj/Fire      0%         2d4       99%         4
 Alistair's Intoxication  Tmut/Pois      0%         N/A       100%        5
 Iskenderun's Battlesphe  Conj           0%         2d6       100%        5
 Death Channel            Necr           0%         N/A       100%        6
 Iron Shot                Conj/Erth      0%         9d1       100%        6
 Spellforged Servitor     Conj/Summ      0%         N/A       100%        7


Dungeon Overview and Level Annotations

Branches:
Dungeon (9/15)             Temple (0/1) D:7           Sewer (visited)
Ossuary (visited)
   Lair: D:8-11         Orc: D:9-12

Altars:
Gozag
Hepliaklqana
Kikubaaqudgha
Qazlal
Uskayaw
Vehumet
Yredelemnul
The Shining One

Shops:
D:7 [

Annotations:
D:4 2 transporters, Menkaure
D:7 3 runed translucent doors, pkoi's ghost, novice DgEE


Message History

You block the freezing wraith's attack. The freezing wraith hits you!
The freezing wraith freezes you!!
* * * LOW HITPOINT WARNING * * *
The freezing wraith hits you but does no damage.
Really quaff the potion of lignification?
You turn into a tree.
Your scarf of shadows melds into your body.
Your +2 plate armour of fire resistance melds into your body.
The dungeon's light returns to normal.
You feel less resistant to fire.
Your roots penetrate the ground.
The freezing wraith hits you but does no damage.
The freezing wraith hits you.
* * * LOW HITPOINT WARNING * * *
The freezing wraith drains your vigour!
You feel as though you will be slow longer.
You slash the freezing wraith!
The freezing wraith is moderately damaged.
You block the freezing wraith's attack. The freezing wraith hits you.
* * * LOW HITPOINT WARNING * * *
You hit the freezing wraith but do no damage.
The freezing wraith is moderately damaged.
The freezing wraith completely misses you.
The freezing wraith hits you.
* * * LOW HITPOINT WARNING * * *
The freezing wraith drains your vigour!
You feel as though you will be slow longer.
You block the freezing wraith's attack. x2
You hit the freezing wraith but do no damage.
The freezing wraith is moderately damaged.
The freezing wraith hits you but does no damage.
You block the freezing wraith's attack.
Unknown command.
You hit the freezing wraith.
The freezing wraith is heavily damaged.
You block the freezing wraith's attack.
The freezing wraith hits you but does no damage.
The freezing wraith hits you!
* * * LOW HITPOINT WARNING * * *
The freezing wraith freezes you!!
You die...

##.#.############.# ##..#
#.###### ##.#
#.##...###### #.#
#...........# ######.#
#.##...####.# ..>....#
##### #...........###
##########...##
#..............
#[....#####...........##.
#......÷♣W.<.....###..##.
#.....###.............##.
#########.....#
#.#...........##.
#...........>.#
#.##..#.###...##.
#.#######.#.#.# #.##....#
#...##. #.#######.....#
#.##..### #...##.
........###.#.# #.##..#
#...##. #.#####.# #...#
#.##..# #...##† #.# #.#
##..# #.##..#####.#.##.


You could see a freezing wraith.

Vanquished Creatures
  Harold (D:7)
  A two-headed ogre (D:8)
  A death yak (D:8)
  Grinder (D:5)
  A hornet (D:6)
  Sigmund (D:6)
  A wyvern (D:8)
  3 yaks
  3 steam dragons
  An acid dragon (D:7)
  A water moccasin (D:7)
  Pargi (Sewer)
  2 sky beasts (D:5)
  A black bear (D:5)
  3 necrophages
  An ogre (D:4)
  3 centaurs
  6 elf zombies (Ossuary)
  3 kobold brigands
  4 bullfrogs
  2 scorpions (D:6)
  A wyvern skeleton (D:6)
  6 killer bees (D:7)
  2 centaur zombies
  5 human zombies (Ossuary)
  2 bullfrog zombies
  A centaur skeleton (D:6)
  3 jellies
  A gnoll shaman (D:5)
  2 orc priests (D:6)
  2 hounds (D:6)
  Ijyb (D:5)
  2 iguanas
  6 orc wizards
  A killer bee zombie (D:7)
  A hound skeleton (D:4)
  3 mummies (Ossuary)
  11 gnolls
  A howler monkey skeleton (D:7)
  11 adders
  2 shadow imps
  5 white imps
  7 worms
  4 dart slugs
  18 orcs
  7 endoplasms
  4 giant cockroaches
  6 goblins
  5 hobgoblins
  6 jackals
  19 kobolds
  4 quokkas
  4 ball pythons
  10 bats
  8 frilled lizards
  5 rats
217 creatures vanquished.

Vanquished Creatures (collateral kills)
  A kobold (D:2)
  A goblin (D:2)
2 creatures vanquished.

Vanquished Creatures (others)
  An orc priest (D:6)
  2 orcs (D:6)
  2 kobolds (D:6)
  8 fungi (D:6)
13 creatures vanquished.

Grand Total: 232 creatures vanquished

Notes
Turn   | Place    | Note
-------+----------+-------------------------------------------
     0 | D:1      | acdeimund the Hill Orc Fighter began the quest for the Orb.
     0 | D:1      | Reached XP level 1. HP: 19/19 MP: 1/1
   127 | D:1      | Reached skill level 3 in Axes
   233 | D:1      | Reached XP level 2. HP: 27/27 MP: 2/2
   482 | D:1      | Reached XP level 3. HP: 26/33 MP: 3/3
  1191 | D:2      | Reached skill level 4 in Axes
  1214 | D:2      | Found a hide-covered altar of Uskayaw.
  1260 | D:2      | Reached XP level 4. HP: 40/40 MP: 4/4
  1321 | D:2      | Found a faded altar of an unknown god.
  2209 | D:3      | Reached XP level 5. HP: 37/47 MP: 5/5
  2376 | D:3      | Reached skill level 5 in Axes
  2412 | D:3      | Found a glowing drain.
  2424 | Sewer    | Entered a sewer
  2585 | Sewer    | Noticed Pargi
  2593 | Sewer    | Killed Pargi
  2594 | Sewer    | Reached XP level 6. HP: 55/55 MP: 6/6
  3226 | D:3      | Found a large runed translucent door.
  3226 | D:3      | Found a large runed translucent door.
  3277 | D:3      | Found a radiant altar of Vehumet.
  3280 | D:3      | Found a stormy altar of Qazlal.
  3474 | D:4      | Reached skill level 5 in Fighting
  3474 | D:4      | Reached skill level 6 in Axes
  3695 | D:4      | Found an ancient bone altar of Kikubaaqudgha.
  3697 | D:4      | Noticed Menkaure
  3702 | D:4      | Found a basalt altar of Yredelemnul.
  3729 | D:4      | Found a transporter.
  3740 | D:4      | Found a transporter.
  3934 | D:4      | Reached XP level 7. HP: 39/61 MP: 7/7
  4393 | D:5      | Entered Level 5 of the Dungeon
  4393 | D:5      | Noticed Ijyb
  4674 | D:5      | Found an opulent altar of Gozag.
  4782 | D:5      | Reached skill level 5 in Armour
  4782 | D:5      | Reached skill level 5 in Shields
  4791 | D:5      | Found a sand-covered staircase.
  4796 | Ossuary  | Entered an ossuary
  4815 | Ossuary  | Reached skill level 7 in Axes
  4952 | Ossuary  | Reached XP level 8. HP: 70/70 MP: 8/8
  4972 | Ossuary  | Reached skill level 8 in Axes
  5306 | D:5      | Noticed Grinder
  5454 | D:5      | Reached skill level 9 in Axes
  5760 | D:5      | Paralysed by Grinder for 2 turns
  5775 | D:5      | Killed Grinder
  5776 | D:5      | Reached XP level 9. HP: 51/79 MP: 9/9
  6009 | D:5      | Killed Ijyb
  6047 | D:5      | Reached skill level 10 in Axes
  6595 | D:6      | Noticed a hornet
  6612 | D:6      | Killed a hornet
  6700 | D:6      | Found a hazy altar of Hepliaklqana.
  6701 | D:6      | Became a worshipper of Beogh the Brigand
  7603 | D:6      | Reached skill level 11 in Axes
  7846 | D:6      | Noticed Sigmund
  7873 | D:6      | Killed Sigmund
  8528 | D:6      | Reached * piety under Beogh
  8795 | D:6      | Reached XP level 10. HP: 88/88 MP: 10/10
  9167 | D:7      | Found Kasch's Armour Boutique.
  9452 | D:7      | Found a staircase to the Ecumenical Temple.
  9516 | D:7      | Reached skill level 1 in Invocations
  9629 | D:7      | Reached skill level 12 in Axes
  9975 | D:7      | Noticed Harold
 10097 | D:7      | Paralysed by Harold for 2 turns
 10100 | D:7      | Killed Harold
 10303 | D:7      | Bought a +1 plate armour of fire resistance for 350 gold
                  | pieces
 10623 | D:7      | Found a runed translucent gate.
 10625 | D:7      | Found a runed translucent gate.
 10625 | D:7      | Found a runed translucent gate.
 10628 | D:7      | Noticed pkoi's ghost (novice DgEE)
 11301 | D:8      | Noticed a two-headed ogre
 11522 | D:8      | Killed a two-headed ogre
 11523 | D:8      | Reached skill level 13 in Axes
 12036 | D:8      | Found a glowing golden altar of the Shining One.
 12402 | D:9      | Noticed a death yak
 12402 | D:9      | Noticed a death yak
 12424 | D:8      | Killed a death yak
 12425 | D:8      | Reached XP level 11. HP: 42/97 MP: 12/14
 12813 | D:7      | Mangled by a freezing wraith

Illustrated notes

Levels and vault maps discovered:
D:1:      dpeg_arrival_shelter, layout_basic, chequers_serial_rivers_micro_d
D:2:      layout_basic, hellmonk_ecumenical_altar_pennies_from_heaven,
          basic_altar, grunt_ministairs_15, nrook_campfire
D:3:      layout_rooms, jmf_multi_god_temple2, gup_sewer_entry_bubbles,
          corexii_leaking_fountain
D:4:      layout_loops_ring, gammafunk_temple_of_torment,
          minmay_misc_feat_square
D:5:      layout_basic, lemuel_crystal_altar, enter_ossuary_2, dk_vineyard_2,
          uniq_grinder, uniq_ijyb
D:6:      kennysheep_steamy, layout_loops_corners,
          mainiacjoe_overflow_concentric_impassable, minmay_fractal_squares_5,
          uniq_sigmund
D:7:      layout_loops_ring, minmay_temple_entry_crystal_x,
          gammafunk_ghost_necromancy, serial_shops, shop, uniq_harold
D:8:      layout_loops_ring, nicolae_tso_swordbearing_angel,
          minmay_misc_feat_room
D:9:      nicolae_cairo_tiling, layout_rooms, dpeg_lair_monsters,
          hellmonk_guarded_unrand_frostbite

Skill      XL: |  1  2  3  4  5  6  7  8  9 10 |
---------------+-------------------------------+-----
Axes           | 3 4 5 6 7 9 11 13 | 13.6
Fighting       | 4 5 7 8 9 |  9.5
Armour         | 4 5 6 7 8 |  8.7
Shields        | 4 5 6 7 8 |  8.6
Invocations    | 4 |  4.6

Action                   |  1- 3 |  4- 6 |  7- 9 | 10-12 || total
-------------------------+-------+-------+-------+-------++-------
Melee: War axe           |    71 |   186 |   316 |   160 ||   733
Throw: Stone             |     1 |       |     1 |     3 ||     5
Invok: Convert to Beogh  |       |       |     1 |       ||     1
Evoke: Wand              |       |       |       |     3 ||     3
  Use: Scroll            |     4 |     4 |    10 |     4 ||    22
       Potion            |       |     2 |     2 |     5 ||     9
Armor: Scale mail        |    24 |    51 |       |       ||    75
       Chain mail        |       |    13 |   102 |    20 ||   135
       Skin              |       |       |    11 |     3 ||    14
       Plate armour      |       |       |       |    54 ||    54
Dodge: Dodged            |    18 |    71 |    73 |    38 ||   200
Block: Buckler           |    13 |    30 |    78 |    56 ||   177
